 Dungeon Crawl Stone Soup version 0.20.0-15-g7f486f2 (webtiles) character file.

58 skittles the Firebug (level 3, -5/26 HPs)
             Began as a Draconian Fire Elementalist on June 20, 2017.
             Killed by nerve-wracking pain
             ... invoked by greprep's ghost
              (14 damage)
             ... on level 3 of the Dungeon.
             The game lasted 00:05:31 (2903 turns).

skittles the Firebug (Draconian Fire Elementalist)  Turns: 2903, Time: 00:05:32

Health: -5/26      AC:  5    Str: 10    XL:     3   Next: 75%
Magic:  1/7        EV: 12    Int: 16    God:
Gold:   105        SH:  0    Dex: 11    Spells: 4/8 levels left

rFire    . . .     SeeInvis .   r - staff of conjuration
rCold    . . .     Gourm    .   (no shield)
rNeg     . . .     Faith    .   (armour unavailable)
rPois    .         Spirit   .   (helmet restricted)
rElec    .         Reflect  .   (no cloak)
rCorr    .         Harm     .   (no gloves)
MR       .....                  (no boots)
Stlth    ++........             (no amulet)
Regen    0.1/turn               (no ring)
MPRegen  0.1/turn               (no ring)

@: no status effects
A: unfitting armour, cold-blooded, AC +5
a: no special abilities


You were on level 3 of the Dungeon.
You were not hungry.

You visited 1 branch of the dungeon, and saw 3 of its levels.

You collected 105 gold pieces.

Inventory:

Hand Weapons
 c - a +0 short sword
Magical Staves
 r - an uncursed staff of conjuration (weapon)
Wands
 p - a wand of confusion (44/48)
Scrolls
 d - 9 scrolls of identify {unknown}
 e - 2 scrolls of teleportation {unknown}
 i - 4 scrolls of remove curse {unknown}
 n - a scroll of enchant armour {unknown}
 q - a scroll of fear {unknown}
 s - a scroll of fog {unknown}
Potions
 h - a potion of berserk rage {unknown}
 j - 2 potions of might {unknown}
 k - a potion of mutation {unknown}
 l - a potion of ambrosia {unknown}
 m - 2 potions of curing {unknown}
 t - a potion of agility {unknown}
Books
 a - a book of Flames

   Spells                             Type                      Level
   a - Flame Tongue                   Conjuration/Fire             1
   b - Throw Flame                    Conjuration/Fire             2
   c - Conjure Flame                  Conjuration/Fire             3
   d - Inner Flame                    Hexes/Fire                   3
   e - Sticky Flame                   Conjuration/Fire             4
   f - Fireball                       Conjuration/Fire             5
Comestibles
 b - 2 bread rations
 f - a fruit
 g - 2 meat rations
 o - 3 chunks of flesh


   Skills:
 - Level 1.7 Dodging
 - Level 1.7 Stealth
 + Level 3.0 Spellcasting
 + Level 2.0 Conjurations
 + Level 3.5 Fire Magic


You had 4 spell levels left.
You knew the following spells:

 Your Spells              Type           Power        Failure   Level  Hunger
a - Flame Tongue          Conj/Fire      ###..        6%          1    #......
b - Conjure Flame         Conj/Fire      ###.....     19%         3    ###....


Dungeon Overview and Level Annotations

Branches:
Dungeon (3/15)

Altars:

Annotations:
D:3 Grinder; greprep's ghost, amateur DENe


Innate Abilities, Weirdness & Mutations

Your plain brown scales are hard. (AC +5)
You cannot fit into any form of body armour.
You are cold-blooded and may be slowed by cold attacks.


Message History

Aim: greprep's ghost (steam, moderately damaged)
You feel a surge of power!
The flame tongue misses greprep's ghost.
The ooze is engulfed in a cloud of scalding steam.
Greprep's ghost barely misses you.
Casting: Flame Tongue
Confirm with . or Enter, or press ? or * to list all spells.
Aiming: Flame Tongue
Press: ? - help, Shift-Dir - straight line, f/p - greprep's ghost
Aim: greprep's ghost (steam, moderately damaged)
You feel a surge of power!
The flame tongue hits greprep's ghost.
Greprep's ghost resists.
Greprep's ghost is heavily damaged.
Greprep's ghost hits you.
Greprep's ghost points at you and mumbles some strange words.
Pain shoots through your body!
Greprep's ghost gestures at you while chanting.
Pain shoots through your body!
Ouch! That really hurt!
You die...

P♣≈≈≈P≈P.#######♣≈♣♣♣♣#
♣≈≈.≈.P..#.....P≈≈≈♣≈P♣##
PP≈≈....#......♣≈≈≈≈P≈P≈♣♣♣###
PP.............≈≈≈≈≈≈≈≈≈≈≈♣≈≈#
PP≈..#........♣PP≈≈≈≈≈≈≈≈≈≈≈≈♣#
PP≈..#.#.....≈≈≈≈≈≈≈≈P≈≈≈≈P≈≈P♣
≈PP≈.........♣.≈..≈♣≈≈≈≈≈≈P≈≈♣
≈♣≈.PP.P...........≈..≈.≈≈≈♣≈#
≈≈≈≈≈≈≈.....JW..@..........###
PPP≈P♣≈≈...♣≈≈≈≈.....^.....#
P.PPP)PPP#.♣♣♣≈≈≈≈≈≈≈.≈....#
÷.........## ♣♣P≈≈≈≈P≈≈≈≈..#
....##.##.# ♣≈≈≈P≈≈≈♣♣#.##
....##.##.# #♣♣♣♣♣♣♣♣##.#
...###.##.# #..# ..>..#..#..
###### #.## .........#.
#P....####.#


You could see greprep's ghost and an ooze.

Vanquished Creatures
  2 worms (D:2)
  3 leopard geckos (D:1)
  4 giant cockroaches
  4 goblins
  6 hobgoblins
  2 jackals (D:1)
  5 kobolds
  A ball python (D:1)
  10 bats
  4 frilled lizards
  4 rats
45 creatures vanquished.

Notes
Turn   | Place    | Note
-------+----------+-------------------------------------------
     0 | D:1      | skittles the Draconian Fire Elementalist began the quest for the Orb.
     0 | D:1      | Reached XP level 1. HP: 14/14 MP: 3/3
   456 | D:1      | Reached XP level 2. HP: 18/20 MP: 5/5
  1896 | D:2      | Reached XP level 3. HP: 20/26 MP: 0/6
  2558 | D:3      | Noticed Grinder
  2569 | D:2      | Learned a level 3 spell: Conjure Flame
  2587 | D:3      | Paralysed by Grinder for 4 turns
  2873 | D:3      | Noticed greprep's ghost (amateur DENe)
  2903 | D:3      | Killed from afar by greprep's ghost

Skill      XL: |  1  2  3 |
---------------+----------+-----
Spellcasting   | 3 |  3.0
Conjurations   | 2 |  2.0
Dodging        | |  1.7
Stealth        | |  1.7
Fire Magic     | |  3.5

Action                   || total
-------------------------++-------
Melee: Short sword       ||   107
       Unarmed           ||    11
       Tailslap          ||     8
       Staff             ||    10
 Cast: Flame Tongue      ||    46
 Stab: Sleeping          ||     2
  Eat: Chunk             ||     7
Armor: Skin              ||    73
Dodge: Dodged            ||   105
